 Dungeon Crawl Stone Soup version 0.30-a0-847-g17996783a1 (webtiles) character file.

Game seed: 10512014204606814866

681 Darkkill the Shooter (level 7, 0/61 HPs)
             Began as a Minotaur Hunter on Mar 3, 2023.
             Succumbed to a scorpion's poison
             ... on level 4 of the Dungeon.
             The game lasted 00:03:29 (2646 turns).

Darkkill the Shooter (Minotaur Hunter)              Turns: 2646, Time: 00:03:30

Health: 0/61       AC:  3    Str: 15    XL:     7   Next: 34%
Magic:  0/6        EV: 14    Int:  6    God:
Gold:   208        SH:  0    Dex: 16    Spells: 6/6 levels left

rFire   . . .      SeeInvis .    a - +0 shortbow
rCold   . . .      Faith    .    (shield currently unavailable)
rNeg    . . .      Spirit   +    c - +0 leather armour
rPois   .          Reflect  .    (helmet restricted)
rElec   .          Rampage  .    (no cloak)
rCorr   .                        (no gloves)
Will    .....                    (no boots)
Stlth   ++                       k - amulet of guardian spirit
HPRegen 0.30/turn                (no ring)
MPRegen 0.10/turn                (no ring)

@: lethally poisoned (0 -> -21)
A: horns 2, retaliatory headbutt
a: no special abilities


You were on level 4 of the Dungeon.
You visited 1 branch of the dungeon, and saw 4 of its levels.

You collected 208 gold pieces.

Inventory:

Hand Weapons
 a - a +0 shortbow (weapon)
 o - a +0 scythe
Missiles
 h - 5 curare-tipped darts {=f !f}
 i - 33 stones
Armour
 c - a +0 leather armour (worn)
Jewellery
 k - an amulet of guardian spirit (around neck)
Wands
 l - a wand of flame (6)
 p - a wand of paralysis (14)
Scrolls
 b - 3 scrolls of immolation
 f - a scroll of magic mapping
 m - a scroll of teleportation
 s - a scroll of identify {@r1}
Potions
 e - a potion of brilliance {unknown}
 g - 2 potions of might
 j - 2 potions of mutation {unknown}
 n - 3 potions of attraction
 q - a potion of flight {unknown}
 r - a potion of heal wounds {unknown}


   Skills:
 + Level 5.3 Fighting
 + Level 6.2 Ranged Weapons
 + Level 4.9 Dodging
 + Level 3.5 Stealth


You had 6 spell levels left.
You didn't know any spells.
Your spell library contained the following spells:

 Spells                   Type           Power      Damage    Failure   Level
 Leda's Liquefaction      Hex/Erth       0%         N/A       99%         4
 Lee's Rapid Deconstruct  Erth           0%         3d4*      100%        5
 Statue Form              Tmut/Erth      0%         N/A       100%        6


Dungeon Overview and Level Annotations

Branches:
Dungeon (4/15)
 Temple: D:4-7

Altars:
Vehumet
Yredelemnul

Shops:
D:1 *

Annotations:
D:3 1 runed translucent door, Crazy Yiuf


Innate Abilities, Weirdness & Mutations

You have a pair of horns on your head.
You reflexively headbutt those who attack you in melee.


Message History

Aim: an orc priest, wielding a +0 flail and wearing a +0 leather armour (severely wounded, 65% to hit)
You shoot an arrow. The arrow hits the orc priest.
The orc priest is almost dead.
The orc barely misses you.
The orc priest invokes the aid of Beogh against you.
Pain shoots through your body!
Fire: a) +0 shortbow
Press: ? - help, Q - select action, (/) - cycle Shift-Dir - straight line, f/p - orc priest
Aim: an orc priest, wielding a +0 flail and wearing a +0 leather armour (almost dead, 65% to hit)
You shoot an arrow. The arrow hits the orc priest!
You kill the orc priest!
The orc wizard gestures at you while chanting.
You resist with some effort. The orc hits you with a +0 short sword.
Fire: a) +0 shortbow
Press: ? - help, Q - select action, (/) - cycle Shift-Dir - straight line, f - orc
Aim: an orc, wielding a +0 hand axe and wearing a +0 leather armour (65% to hit)
You shoot an arrow. The arrow hits the orc!
You kill the orc!
The orc closely misses you. You furiously retaliate!
You headbutt the orc. The orc hits you with a +0 short sword.
The orc wizard barely misses you.
Fire: a) +0 shortbow
Press: ? - help, Q - select action, (/) - cycle Shift-Dir - straight line, f - orc wizard
Aim: an orc wizard, wielding a +0 dagger and wearing a +0 robe (59% to hit)
You shoot an arrow. The arrow hits the orc wizard.
The orc wizard is lightly wounded.
The orc wizard hits you with a +0 dagger.
The orc misses you.
Fire: a) +0 shortbow
Press: ? - help, Q - select action, (/) - cycle Shift-Dir - straight line, f/p - orc wizard
Aim: an orc wizard, wielding a +0 dagger and wearing a +0 robe (lightly wounded, 59% to hit)
You shoot an arrow.
The arrow hits the orc wizard but does no damage.
The orc wizard is lightly wounded.
The orc closely misses you. You furiously retaliate!
You headbutt the orc.
You kill the orc!
The orc wizard closely misses you.
Fire: a) +0 shortbow
Press: ? - help, Q - select action, (/) - cycle Shift-Dir - straight line, f/p - orc wizard
Aim: an orc wizard, wielding a +0 dagger and wearing a +0 robe (lightly wounded, 59% to hit)
You shoot an arrow. The arrow barely misses the orc wizard.
The arrow barely misses the scorpion.
The orc wizard barely misses you.
Fire: a) +0 shortbow
Press: ? - help, Q - select action, (/) - cycle Shift-Dir - straight line, f/p - orc wizard
Aim: an orc wizard, wielding a +0 dagger and wearing a +0 robe (lightly wounded, 59% to hit)
You shoot an arrow. The arrow hits the orc wizard!
The orc wizard is severely wounded.
The orc wizard hits you with a +0 dagger.
Fire: a) +0 shortbow
Press: ? - help, Q - select action, (/) - cycle Shift-Dir - straight line, f/p - orc wizard
Aim: an orc wizard, wielding a +0 dagger and wearing a +0 robe (severely wounded, 59% to hit)
You shoot an arrow. The arrow hits the orc wizard.
The orc wizard is severely wounded.
The orc wizard hits you with a +0 dagger.
The orc wizard hits you but does no damage.
Fire: a) +0 shortbow
Press: ? - help, Q - select action, (/) - cycle Shift-Dir - straight line, f/p - orc wizard
Aim: an orc wizard, wielding a +0 dagger and wearing a +0 robe (severely wounded, 59% to hit)
You shoot an arrow.
The arrow hits the orc wizard but does no damage.
The orc wizard is severely wounded.
The orc wizard casts a spell at you. You resist with some effort.
Fire: a) +0 shortbow
Press: ? - help, Q - select action, (/) - cycle Shift-Dir - straight line, f/p - orc wizard
Aim: an orc wizard, wielding a +0 dagger and wearing a +0 robe (severely wounded, 59% to hit)
You shoot an arrow. The arrow hits the orc wizard.
You kill the orc wizard!
The scorpion barely misses you. You furiously retaliate!
You headbutt the scorpion.
Fire: a) +0 shortbow
Press: ? - help, Q - select action, (/) - cycle Shift-Dir - straight line, f - scorpion
Aim: a scorpion (moderately wounded, 65% to hit)
You shoot an arrow. The arrow barely misses the scorpion.
The scorpion stings you.
Fire: a) +0 shortbow
Press: ? - help, Q - select action, (/) - cycle Shift-Dir - straight line, f/p - scorpion
Aim: a scorpion (moderately wounded, 65% to hit)
You shoot an arrow. The arrow hits the scorpion.
The scorpion is heavily wounded.
The scorpion stings you.
You are poisoned.
The scorpion poisons you! The scorpion stings you!
* * * LOW HITPOINT WARNING * * *
Fire: a) +0 shortbow
Press: ? - help, Q - select action, (/) - cycle Shift-Dir - straight line, f/p - scorpion
Aim: a scorpion (heavily wounded, 65% to hit)
You shoot an arrow. The arrow hits the scorpion.
The scorpion is severely wounded.
* * * LOW HITPOINT WARNING * * *
You feel very sick. The scorpion stings you!
* * * LOW HITPOINT WARNING * * *
You are more poisoned.
The scorpion poisons you!
Fire: a) +0 shortbow
Press: ? - help, Q - select action, (/) - cycle Shift-Dir - straight line, f/p - scorpion
Aim: a scorpion (severely wounded, 65% to hit)
You shoot an arrow. The arrow closely misses the scorpion.
You die...

......# ###.### #. #†#
##.## #.# #...# ##'##
#...# ##...## ###...##
#.....## #.. ...
.......## #.)##s#
.<......####..>#@###.##
.)......'........)......
........####...#####.###
.......## #..)# #.....##
#.#)#####.# ##...##
#..)†.....# ##'##
###)####### #.# #.# #.#
#.#


You could see a scorpion.

Vanquished Creatures
  Sigmund (D:3)
  Menkaure (D:4)
  A hound (D:4)
  2 orc priests (D:4)
  Jessica (D:2)
  A scorpion zombie (D:3)
  Ijyb (D:3)
  Natasha (D:4)
  An iguana (D:4)
  An orc wizard (D:4)
  4 adders
  2 adder zombies (D:3)
  A worm (D:2)
  4 dart slugs
  8 orcs (D:4)
  6 ball pythons
  12 bats
  12 endoplasms
  2 giant cockroaches
  7 goblins
  10 hobgoblins
  6 quokkas
  3 frilled lizards
  6 kobolds
  A quokka zombie (D:3)
  6 rats
101 creatures vanquished.

Notes
Turn   | Place    | Note
-------+----------+-------------------------------------------
     0 | D:1      | Darkkill the Minotaur Hunter began the quest for the Orb.
     0 | D:1      | Reached XP level 1. HP: 18/18 MP: 0/0
    30 | D:1      | Found Ytwaahu's Assorted Antiques.
    48 | D:1      | Reached skill level 1 in Stealth
   100 | D:1      | Reached XP level 2. HP: 25/25 MP: 1/1
   239 | D:1      | Reached XP level 3. HP: 31/31 MP: 2/2
   848 | D:2      | Noticed Jessica
   851 | D:2      | Killed Jessica
   852 | D:2      | Reached XP level 4. HP: 38/38 MP: 3/3
   889 | D:2      | Found a faded altar of an unknown god.
  1083 | D:2      | Reached skill level 5 in Ranged Weapons
  1370 | D:3      | Reached XP level 5. HP: 44/46 MP: 4/4
  1395 | D:3      | Found a radiant altar of Vehumet.
  1519 | D:3      | Noticed Sigmund
  1544 | D:3      | Killed Sigmund
  1545 | D:3      | Reached XP level 6. HP: 19/53 MP: 5/5
  1768 | D:3      | Found a basalt altar of Yredelemnul.
  1904 | D:3      | Noticed Ijyb
  1908 | D:3      | Killed Ijyb
  1936 | D:3      | Found a runed translucent door.
  1937 | D:3      | Noticed Crazy Yiuf
  2064 | D:4      | Noticed Natasha
  2069 | D:4      | Killed Natasha
  2485 | D:4      | Noticed Menkaure
  2498 | D:4      | Killed Menkaure
  2499 | D:4      | Reached skill level 5 in Fighting
  2499 | D:4      | Reached skill level 6 in Ranged Weapons
  2499 | D:4      | Reached XP level 7. HP: 34/61 MP: 1/6
  2645 | D:4      | HP: 10/61 [poisoned by a scorpion]
  2645 | D:4      | HP: 4/61 [scorpion (6)]
  2646 | D:4      | Succumbed to a scorpion's poison

Illustrated notes

Levels and vault maps discovered:
D:1:      eino_arrival_water_cross, layout_basic, serial_shops, shop
D:2:      minmay_spotlight, layout_basic, ebering_ecumenical_altar_abandoned,
          uniq_jessica
D:3:      layout_basic, nicolae_yredelemnul_corpse_copse,
          mainiacjoe_overflow_concentric_impassable, uniq_crazy_yiuf_cottage,
          uniq_ijyb, uniq_sigmund
D:4:      layout_loops_corners, uniq_natasha, uniq_eustachio, uniq_menkaure

Skill      XL: |  1  2  3  4  5  6 |
---------------+-------------------+-----
Stealth        | 1 2 3 |  3.5
Fighting       | 3 4 5 |  5.3
Dodging        | 3 4 |  4.9
Ranged Weapons | 5 6 |  6.2

Action                     |  1- 3 |  4- 6 |  7- 9 || total
---------------------------+-------+-------+-------++-------
   Fire: Shortbow          |    88 |   150 |    31 ||   269
    Use: Scroll            |     4 |     3 |       ||     7
         Potion            |       |     2 |       ||     2
 Armour: Leather armour    |    16 |    10 |     2 ||    28
  Dodge: Dodged            |    12 |    66 |    12 ||    90

Table legend: (Time is in decaauts)
 A = Elapsed time spent in this place.
 B = Non-inter-level travel time spent in this place.
 C = Inter-level travel time spent in this place.
 D = Time resting spent in this place.
 E = Time spent auto-exploring this place.
 F = Levels seen in this place.
 G = Mean time per level.
                   A        B        C        D        E       F      G
               +--------+--------+--------+--------+--------+-----+--------+
         Total |   2720 |   2657 |     63 |      0 |   2170 |   4 |  680.0 |
       Dungeon |   2720 |   2657 |     63 |      0 |   2170 |   4 |  680.0 |
               +--------+--------+--------+--------+--------+-----+--------+

Top non-repeatable levels by time:
     D:3: 803 daAuts
     D:2: 769 daAuts
     D:4: 599 daAuts
     D:1: 547 daAuts

Table legend:
 A = Kills in this place as a percentage of kills in the entire game.
 B = Kills by you in this place as a percentage of kills by you in the entire game.
 C = Kills by friends in this place as a percentage of kills by friends in the entire game.
 D = Other kills in this place as a percentage of other kills in the entire game.
 E = Experience gained in this place as a percentage of experience gained in the entire game.
 F = Experience gained in this place divided by the number of levels of this place that you have seen.
                   A       B       C       D       E      F
               +-------+-------+-------+-------+-------+----------------------
         Total | 100.0 | 100.0 |   N/A |   N/A | 100.0 | 243.2
       Dungeon | 100.0 | 100.0 |   N/A |   N/A | 100.0 | 243.2
               +-------+-------+-------+-------+-------+----------------------
